 Dungeon Crawl Stone Soup version 0.24-a0-434-gd57e52fea8 (webtiles) character file.

Game seed: 13760594222026739946

178 Goblin1989 the Magician (level 5, -2/36 HPs)
             Began as a Gnoll Wanderer on May 28, 2019.
             Was an Initiate of Hepliaklqana.
             Slain by Crazy Yiuf
             ... wielding a +3 quarterstaff of chaos
              (5 damage)
             ... while paralysed by Crazy Yiuf
             ... on level 3 of the Dungeon on June 16, 2019.
             The game lasted 00:08:13 (3239 turns).

Goblin1989 the Magician (Gnoll Wanderer)            Turns: 3239, Time: 00:08:14

Health: -2/36      AC: 10    Str: 13    XL:     5   Next: 58%
Magic:  12/12      EV:  2    Int: 15    God:    Hepliaklqana [......]
Gold:   95         SH:  0    Dex: 16    Spells: 13/14 levels left

rFire    . . .     SeeInvis .   C - +0 morningstar
rCold    + . .     Gourm    .   (no shield)
rNeg     . . .     Faith    .   y - +1 chain mail {rC+}
rPois    .         Spirit   .   (no helmet)
rElec    .         Reflect  .   (no cloak)
rCorr    .         Harm     .   (no gloves)
MR       .....                  (no boots)
Stlth    ..........             (no amulet)
HPRegen  0.12/turn              (no ring)
MPRegen  0.13/turn              (no ring)

@: paralysed
A: distributed training, reduced essence, fangs 1, strong nose
a: Recall Ancestor, Ancestor Identity, Renounce Religion


You were on level 3 of the Dungeon.
You worshipped Hepliaklqana.
Hepliaklqana was noncommittal.
You were not hungry.

You visited 1 branch of the dungeon, and saw 3 of its levels.

You collected 95 gold pieces.

Inventory:

Hand Weapons
 a - a +0 hand crossbow
 o - a cursed +0 spear
 s - a +0 short sword
 C - a +0 morningstar (weapon)
Missiles
 c - 9 bolts
 g - 153 stones (quivered) {@Q3}
 r - 49 sling bullets
 t - 33 arrows
 x - 5 javelins {@Q2}
 z - 5 poisoned darts
Armour
 d - a +0 ring mail
 l - a +0 scale mail
 y - a +1 chain mail of cold resistance (worn)
Scrolls
 f - a scroll of fog {unknown}
 i - a scroll of amnesia {unknown}
 j - 4 scrolls of identify {unknown}
 k - a scroll of enchant weapon {unknown}
 p - 2 scrolls of remove curse {unknown}
 q - a scroll of noise {unknown}
 v - a scroll of immolation {unknown}
Potions
 m - 4 potions of curing {unknown}
 n - a potion of flight {unknown}
 u - a potion of resistance {unknown}
 B - a potion of berserk rage {unknown}
Comestibles
 e - 3 rations


   Skills:
 + Level 3.0 Fighting
 + Level 1.5 Short Blades
 + Level 1.5 Long Blades
 + Level 1.5 Axes
 + Level 1.5 Maces & Flails
 + Level 1.5 Polearms
 + Level 1.5 Staves
 + Level 1.5 Slings
 + Level 1.5 Bows
 + Level 4.8 Crossbows
 + Level 1.5 Throwing
 + Level 4.8 Armour
 + Level 1.5 Dodging
 + Level 2.8 Stealth
 + Level 1.5 Shields
 + Level 1.5 Unarmed Combat
 + Level 5.2 Spellcasting
 + Level 2.4 Conjurations
 + Level 1.2 Hexes
 + Level 1.2 Charms
 + Level 1.2 Summonings
 + Level 1.2 Necromancy
 + Level 1.2 Translocations
 + Level 1.2 Transmutations
 + Level 1.2 Fire Magic
 + Level 1.2 Ice Magic
 + Level 1.2 Air Magic
 + Level 1.2 Earth Magic
 + Level 1.2 Poison Magic
 + Level 1.7 Invocations
 + Level 3.0 Evocations


You had 13 spell levels left.
You knew the following spells:

 Your Spells              Type           Power        Failure   Level  Hunger
a - Magic Dart            Conj           ##..         83%         1    None

Your spell library contained the following spells:

 Spells                   Type           Power        Failure   Level  Hunger
 Searing Ray              Conj           ##....       93%         2    ##.....
 Dazzling Spray           Conj/Hex       #.....       99%         3    ###....
 Force Lance              Conj/Tloc      #.......     100%        4    ####...
 Fulminant Prism          Conj/Hex       #.........   100%        4    ####...
 Iskenderun's Mystic Bla  Conj           ##......     100%        4    ####...


Dungeon Overview and Level Annotations

Branches:
Dungeon (3/15)

Altars:
Elyvilon
Fedhas
Hepliaklqana
Trog

Annotations:
D:2 Robin
D:3 Crazy Yiuf


Innate Abilities, Weirdness & Mutations

Your experience applies equally to all skills.
You have very sharp teeth.
Your uncanny sense of smell can sniff out nearby items.
Your life essence is reduced to manifest your ancestor. (-10% HP)


Message History

No target in view!
No target in view!
No target in view!
No target in view!
No target in view!
No target in view!
No target in view!
No target in view!
No target in view!
No target in view!
No target in view!
Found an escape hatch in the ceiling.
An orc comes into view. It is wielding a -2 mace.
The orc shouts!
An orc is nearby!
You hit the orc. You bite the orc, but do no damage.
The orc is moderately wounded.
The orc barely misses you.
You hit the orc but do no damage. You bite the orc, but do no damage.
The orc is moderately wounded.
The orc hits you but does no damage.
Sunngifu closely misses the orc.
You hit the orc but do no damage.
The orc is moderately wounded.
Sunngifu hits the orc but does no damage.
You completely miss the orc.
The orc is moderately wounded.
The orc hits you with a cursed -2 mace.
Sunngifu hits the orc.
You take 2 damage, and have 34/36 hp.
You completely miss the orc.
The orc is almost dead.
The orc hits you but does no damage.
Sunngifu hits the orc but does no damage.
You hit the orc but do no damage.
The orc is almost dead.
The orc hits you but does no damage.
Sunngifu closely misses the orc.
You closely miss the orc.
The orc is almost dead.
The orc hits you but does no damage.
Sunngifu hits the orc.
The orc dies!
No target in view!
No target in view!
No target in view!
No target in view!
No target in view!
No target in view!
No target in view!
No target in view!
No target in view!
No target in view!
No target in view!
No target in view!
Things that are here:
a cursed -2 mace; a +0 ring mail
m - 4 brown potions (gained 1) Health restored: 36
There is an escape hatch in the ceiling here.
You open the door.
There is an open door here.
Found a stone staircase leading up.
Search for what [? for help]? .
You swap places.
There is an open door here.
There is an escape hatch in the floor here.
Eating one of 4 chunks of flesh.
You eat one of the 4 chunks of flesh.
This raw flesh tastes terrible.
You see here a +0 morningstar.
C - a +0 morningstar Wield which item (- for none, * to show all)? (? for menu, Esc to quit)
C - a +0 morningstar (weapon)
Found a bloodstained altar of Trog.
t - 33 arrows (gained 9) All of the chunks of flesh in your inventory have rotted away.
Crazy Yiuf shouts!
Crazy Yiuf grits, "Cholesterol!"
You swap places.
Crazy Yiuf says, "Fluff water mobile!"
There is an escape hatch in the floor here.
There is an open door here.
You swap places.
There is an open door here.
Key pressed, stopping explore.
No target in view!
There is an escape hatch in the floor here.
Crazy Yiuf shouts!
Crazy Yiuf says, "Two sing snail!"
Crazy Yiuf glowers.
Key pressed, stopping explore.
You open the door.
Crazy Yiuf says, "Snower arm sallow!"
You hit Crazy Yiuf.
Crazy Yiuf is lightly wounded.
Crazy Yiuf hits you with a +3 quarterstaff of chaos.
You suddenly lose the ability to move!
Crazy Yiuf cries, "Lay!"
Crazy Yiuf hits you with a +3 quarterstaff of chaos!
You are electrocuted!!
Ouch! That really hurt!
* * * LOW HITPOINT WARNING * * *
Crazy Yiuf hits you with a +3 quarterstaff of chaos.
You die...

...........█ █.█
..█████....█████████████.██
..█ █...................██
..█ █..████████████████..█
..█ █..█ ██.█ ..█ █..█ █.█
..█ ██.█ ███ █████.█ ..█
█.█ █)..███ ██.....█ ..█
█.█ █...g@████PP....█ ..█
███ █...██R.█RP....██ ..█
█.█ ███ ███.█RP..██ ..█ █.█


████████ █.██████.█ .>.......██ .██████.█∆█ .█ █.█.███████ .█ █.█.......█████
You could see the friendly Sunngifu the ancestor and Crazy Yiuf.

Vanquished Creatures
  A bullfrog (D:3)
  3 adders
  A dart slug (D:1)
  2 leopard geckos
  4 orcs (D:3)
  A giant cockroach (D:1)
  13 goblins
  14 hobgoblins
  8 jackals (D:1)
  5 kobolds
  2 quokkas (D:3)
  9 bats
  3 frilled lizards (D:1)
  4 rats
70 creatures vanquished.

Vanquished Creatures (collateral kills)
  An orc (D:3)
1 creature vanquished.

Vanquished Creatures (others)
  A quokka (D:2)
1 creature vanquished.

Grand Total: 72 creatures vanquished

Notes
Turn   | Place    | Note
-------+----------+-------------------------------------------
     0 | D:1      | Goblin1989 the Gnoll Wanderer began the quest for the Orb.
     0 | D:1      | Goblin1989 set off with the following items: a +0 hand
                  | crossbow, 20 bolts, a +0 ring mail, a ration; and the
                  | following spell memorised: Magic Dart; and the following
                  | spells available to memorise: Searing Ray, Dazzling Spray,
                  | Iskenderun's Mystic Blast, Force Lance, Fulminant Prism
     0 | D:1      | Reached XP level 1. HP: 17/17 MP: 6/6
   206 | D:1      | Reached XP level 2. HP: 23/23 MP: 7/7
   475 | D:1      | Reached XP level 3. HP: 28/28 MP: 9/9
   476 | D:1      | Goblin1989: &DUMP DEFE
   476 | D:1      | beem: http://CRAWL.XTAHUA.COM/crawl/morgue/DEFE/DEFE.txt
   476 | D:1      | Upgraded the game from 0.24-a0-368-g0e0cebd0f3 to
                  | 0.24-a0-373-g39439d866b
   496 | D:1      | Reached skill level 5 in Spellcasting
   698 | D:1      | Reached skill level 1 in Invocations
   720 | D:1      | Upgraded the game from 0.24-a0-373-g39439d866b to
                  | 0.24-a0-412-ge138f7edaf
   720 | D:1      | Upgraded the game from 0.24-a0-412-ge138f7edaf to
                  | 0.24-a0-416-g56ce5178b7
  1237 | D:2      | Reached skill level 1 in Short Blades
  1237 | D:2      | Reached skill level 1 in Long Blades
  1237 | D:2      | Reached skill level 1 in Axes
  1237 | D:2      | Reached skill level 1 in Maces & Flails
  1237 | D:2      | Reached skill level 1 in Polearms
  1237 | D:2      | Reached skill level 1 in Staves
  1237 | D:2      | Reached skill level 1 in Slings
  1237 | D:2      | Reached skill level 1 in Bows
  1237 | D:2      | Reached skill level 1 in Throwing
  1237 | D:2      | Reached skill level 1 in Dodging
  1237 | D:2      | Reached skill level 1 in Shields
  1237 | D:2      | Reached skill level 1 in Unarmed Combat
  1376 | D:2      | Noticed Robin
  1421 | D:2      | Reached XP level 4. HP: 34/34 MP: 11/11
  1490 | D:2      | Found a white marble altar of Elyvilon.
  1740 | D:3      | Upgraded the game from 0.24-a0-416-g56ce5178b7 to
                  | 0.24-a0-434-gd57e52fea8
  2009 | D:3      | Reached skill level 1 in Hexes
  2009 | D:3      | Reached skill level 1 in Charms
  2009 | D:3      | Reached skill level 1 in Summonings
  2009 | D:3      | Reached skill level 1 in Necromancy
  2009 | D:3      | Reached skill level 1 in Translocations
  2009 | D:3      | Reached skill level 1 in Transmutations
  2009 | D:3      | Reached skill level 1 in Fire Magic
  2009 | D:3      | Reached skill level 1 in Ice Magic
  2009 | D:3      | Reached skill level 1 in Air Magic
  2009 | D:3      | Reached skill level 1 in Earth Magic
  2009 | D:3      | Reached skill level 1 in Poison Magic
  2156 | D:3      | Found a hazy altar of Hepliaklqana.
  2178 | D:3      | Became a worshipper of Hepliaklqana the Forgotten
  2467 | D:3      | Noticed a bullfrog
  2481 | D:3      | Killed a bullfrog
  2481 | D:3      | Reached XP level 5. HP: 21/36 MP: 12/12
  2708 | D:3      | Found a blossoming altar of Fedhas.
  3003 | D:3      | Found a bloodstained altar of Trog.
  3035 | D:3      | Found a runed translucent door.
  3036 | D:3      | Noticed Crazy Yiuf
  3237 | D:3      | Paralysed by Crazy Yiuf for 6 turns
  3239 | D:3      | Slain by Crazy Yiuf

Levels and vault maps discovered:
D:1:      dpeg_arrival_morbid_curiosity, layout_loops_ring
D:2:      layout_basic, elyvilon_altar_4, marbit_many_paths,
          kennysheep_generic_room_15, uniq_robin
D:3:      corexii_shack_village, layout_basic, nicolae_overflow_crystal_walls,
          nicolae_overflow_hidden_temple, lemuel_crystal_altar, first_ration,
          uniq_crazy_yiuf_cottage

Skill      XL: |  1  2  3  4 |
---------------+-------------+-----
Conjurations   | 2 |  2.4
Spellcasting   | 5 |  5.2
Invocations    | 1 |  1.7
Short Blades   | 1 |  1.5
Long Blades    | 1 |  1.5
Axes           | 1 |  1.5
Maces & Flails | 1 |  1.5
Polearms       | 1 |  1.5
Staves         | 1 |  1.5
Slings         | 1 |  1.5
Bows           | 1 |  1.5
Throwing       | 1 |  1.5
Dodging        | 1 |  1.5
Shields        | 1 |  1.5
Unarmed Combat | 1 |  1.5
Hexes          | 1 |  1.2
Charms         | 1 |  1.2
Summonings     | 1 |  1.2
Necromancy     | 1 |  1.2
Translocations | 1 |  1.2
Transmutations | 1 |  1.2
Fire Magic     | 1 |  1.2
Ice Magic      | 1 |  1.2
Air Magic      | 1 |  1.2
Earth Magic    | 1 |  1.2
Poison Magic   | 1 |  1.2
Fighting       | 3 |  3.0
Evocations     | 3 |  3.0
Crossbows      | |  4.8
Armour         | |  4.8
Stealth        | |  2.8

Action                   |  1- 3 |  4- 6 || total
-------------------------+-------+-------++-------
Melee: Short sword       |     6 |   134 ||   140
       Bite              |     1 |    18 ||    19
       Morningstar       |       |     1 ||     1
 Fire: Hand crossbow     |    87 |       ||    87
 Stab: Sleeping          |       |     1 ||     1
  Eat: Chunk             |     1 |     6 ||     7
Armor: Ring mail         |    18 |    34 ||    52
       Chain mail        |       |    38 ||    38
Dodge: Dodged            |    20 |    85 ||   105

Table legend:
 A = Non-vault XP
 B = Vault XP
 C = Vault XP percentage of total XP
 D = Non-vault monster count
 E = Vault monster count
 F = Vault count percentage of total count
                 A         B        C        D         E       F
            +---------+---------+-------+---------+---------+-------
      Total |     204 |      51 |  20.0 |      52 |      19 |  26.8
            +---------+---------+-------+---------+---------+-------
        D:1 |      55 |      10 |  15.4 |      30 |       5 |  14.3
        D:2 |      11 |      22 |  66.7 |       7 |       6 |  46.2
        D:3 |     138 |      19 |  12.1 |      15 |       8 |  34.8
            +---------+---------+-------+---------+---------+-------

Levels and vault maps discovered:
D:1:      dpeg_arrival_morbid_curiosity, layout_loops_ring
D:2:      layout_basic, elyvilon_altar_4, marbit_many_paths,
          kennysheep_generic_room_15, uniq_robin
D:3:      corexii_shack_village, layout_basic, nicolae_overflow_crystal_walls,
          nicolae_overflow_hidden_temple, lemuel_crystal_altar, first_ration,
          uniq_crazy_yiuf_cottage
